Map: Blackpink LE

Players

TOP

  • Race: Terran Terran
  • League: Grandmaster
  • Spawn Location: 1:00

PiG - Winner!

  • Race: Terran Terran
  • League: Grandmaster
  • Spawn Location: 7:00

VOD

https://www.youtube.com/watch?v=sY1ftixI9yU

Description

Time

  • Played on: Jan. 10, 2018, 4:17 p.m.
  • Length: 12:15
Show
View Real Time Build Order
Export as new Build Order

TOP Terran 

Build Orders: Reaper Expand, Bio Tank, Banshee Rush 

Get SALT Encoding   

  12  0:00  SCV  
  13  0:13  SCV  
  14  0:18  Supply Depot  
  14  0:25  SCV  
  15  0:29  Refinery  
  15  0:40  SCV  
  16  0:46  Barracks  
  16  0:52  SCV  
  18  1:04  SCV  
  18  1:16  SCV  
  19  1:34  Reaper, Orbital Command  
  20  1:45  Command Center  
  20  1:57  Factory  
  20  2:01  SCV  
  20  2:04  Refinery  
  20  2:09  Barracks Reactor  
  20  2:13  SCV  
  21  2:18  Supply Depot  
  21  2:25  SCV  
  22  2:37  SCV  
  23  2:45  Marine, Starport  
  23  2:49  Marine, SCV  
  26  2:52  Factory Tech Lab  
  26  2:59  Orbital Command  
  26  3:01  SCV  
  26  3:04  Marine  
  28  3:07  Marine  
  29  3:13  SCV  
  30  3:25  SCV  
  31  3:27  SCV  
  31  3:32  Marine x2  
  30  3:35  Banshee  
  30  3:36  Cloaking Field  
  30  3:37  Hellion  
  33  3:47  SCV x2  
  33  3:49  Marine  
  33  3:50  Marine  
  35  3:59  SCV x2  
  35  4:00  Factory Tech Lab  
  37  4:07  Marine x2  
  39  4:11  SCV x2  
  39  4:18  Banshee  
  39  4:23  SCV  
  42  4:28  Marine x2  
  42  4:30  SCV  
  45  4:34  Siege Tank  
  45  4:35  SCV  
  45  4:36  Supply Depot  
  45  4:37  Supply Depot  
  49  4:41  Barracks  
  49  4:42  SCV  
  50  4:45  Barracks  
  50  4:48  SCV  
  51  4:57  SCV  
  54  5:00  SCV  
  54  5:06  Siege Tank  
  53  5:12  Refinery, SCV  
  53  5:13  Viking x2  
  58  5:14  Marine  
  58  5:18  Stimpack  
  58  5:21  SCV  
  60  5:28  Supply Depot  
  60  5:29  Supply Depot  
  60  5:32  Marine x2  
  60  5:33  Marine  
  63  5:38  Siege Tank  
  64  5:47  SCV x2  
  64  5:49  Marine  
  66  5:50  Viking  
  66  5:54  Marine x2  
  71  5:59  Viking  
  73  6:04  Supply Depot  
  73  6:07  Marine, SCV, Engineering Bay  
  75  6:12  Marine x2  
  75  6:15  Siege Tank  
  75  6:17  Liberator  
  80  6:19  Refinery  
  80  6:25  Marine  
  80  6:29  SCV x2  
  80  6:30  Marine  
  84  6:32  Supply Depot  
  84  6:33  Marine  
  88  6:41  SCV  
  88  6:43  Marine, SCV  
  88  6:46  Missile Turret  
  91  6:48  Marine  
  91  6:51  Marine  
  93  6:54  Siege Tank  
  93  7:01  Marine  
  96  7:04  Supply Depot  
  96  7:06  Marine  
  98  7:09  Marine  
  98  7:10  Viking  
  98  7:13  Supply Depot  
  98  7:14  Supply Depot  
  101  7:19  Marine  
  101  7:20  Viking  
  100  7:25  Marine  
  100  7:28  Combat Shields  
  101  7:31  Marine  
  101  7:32  Siege Tank  
  101  7:36  Marine  
  105  7:38  Barracks  
  105  7:39  Barracks  
  105  7:41  Supply Depot x2  
  106  7:44  Marine  
  106  7:49  Marine  
  108  7:54  Marine  
  108  8:02  Marine  
  108  8:04  Siege Tank  
  112  8:07  Marine  
  112  8:10  Supply Depot  
  112  8:12  Marine  
  113  8:21  Marine  
  113  8:25  Marine  
  115  8:33  Marine  
  116  8:35  Medivac x2  
  116  8:36  Barracks Reactor x2, Siege Tank  
  116  8:38  Command Center  
  116  8:39  Marine  
  116  8:40  Supply Depot  
  124  8:43  Marine  
  88  9:04  Marine  
  88  9:10  Barracks Reactor x2  
  88  9:12  Terran Infantry Weapons Level 1  
  88  9:14  Marine x2  
  88  9:15  Engineering Bay  
  90  9:19  Marine x2  
  90  9:20  Siege Tank  
  90  9:21  Medivac x2  
  90  9:22  Marine  
  96  9:31  Marine  
  96  9:32  Marine  
  96  9:37  Marine x2  
  100  9:40  Marine  
  101  9:49  Marine x2  
  100  9:55  Marine x2  
  100  9:57  Marine  
  82  10:03  Marine x4  
  73  10:07  Marine x2  
  73  10:12  Marine  
  64  10:15  Marine  
  64  10:19  Marine  
  64  10:21  Marine x4  
  57  10:25  Marine  
  62  10:30  Marine  
  62  10:33  Marine  
  64  10:36  Marine  
  64  10:39  Marine x3  
  68  10:47  Marine x2  
  68  10:48  Marine  
  71  10:54  SCV  
  71  10:55  Orbital Command  
  71  10:58  Marine  
  72  11:06  Marine x2  
  72  11:07  Marine x2  
  72  11:11  Marine x2  
  77  11:15  SCV  
  77  11:16  Marine  
  81  11:18  SCV  
  81  11:22  SCV  
  79  11:28  SCV  
  79  11:30  Marine x4, SCV  
  74  11:41  Marine x4  
  69  11:48  Marine x4  
Show
View Real Time Build Order
Export as new Build Order

PiG Terran - Winner!

Build Orders: Gas First Reaper Expand, Reaper Expand, MMM Bio 

Get SALT Encoding   

  12  0:01  SCV  
  13  0:13  SCV  
  14  0:16  Supply Depot  
  14  0:25  SCV  
  15  0:31  Refinery  
  15  0:38  SCV  
  16  0:44  Barracks  
  16  0:50  SCV  
  17  1:02  SCV  
  18  1:14  SCV  
  19  1:31  Orbital Command  
  19  1:32  Reaper  
  20  1:42  Command Center  
  20  1:53  Factory  
  20  1:58  SCV  
  21  2:04  Supply Depot  
  21  2:11  SCV  
  21  2:14  Reaper  
  21  2:15  Refinery  
  23  2:25  SCV  
  24  2:37  SCV  
  24  2:42  Hellion  
  27  2:45  Starport  
  27  2:52  SCV  
  27  2:57  Marine  
  29  3:04  Orbital Command, SCV  
  30  3:09  Cyclone  
  33  3:16  SCV  
  34  3:20  Supply Depot  
  34  3:38  SCV  
  35  3:48  SCV  
  36  3:50  Factory Tech Lab  
  36  3:51  Viking  
  36  3:52  Engineering Bay  
  36  3:54  Barracks, SCV  
  36  3:55  Barracks Reactor  
  39  4:01  SCV  
  40  4:06  SCV, Supply Depot  
  41  4:12  Cyclone  
  41  4:13  SCV  
  45  4:18  SCV  
  45  4:28  SCV  
  45  4:30  SCV  
  46  4:32  Missile Turret  
  46  4:33  Missile Turret  
  46  4:35  Missile Turret  
  46  4:37  Marine  
  47  4:40  SCV  
  47  4:43  SCV  
  49  4:47  Refinery, Barracks Tech Lab  
  49  4:49  Refinery  
  49  4:52  SCV  
  50  4:55  SCV  
  50  4:56  Marine x2  
  53  5:04  SCV  
  54  5:07  SCV  
  54  5:11  Barracks  
  54  5:12  Stimpack, Siege Tank  
  54  5:13  Marine  
  54  5:14  Starport Reactor  
  59  5:24  SCV x2  
  61  5:29  Terran Infantry Weapons Level 1, Supply Depot  
  61  5:30  Marine  
  61  5:32  Supply Depot  
  62  5:40  Barracks  
  62  5:42  SCV  
  62  5:50  SCV  
  62  5:51  Marauder  
  65  5:57  Siege Tank  
  65  5:58  Marine x2, Medivac x2  
  65  5:59  Barracks Reactor  
  65  6:01  SCV  
  65  6:02  Barracks  
  75  6:04  Supply Depot  
  75  6:12  Marauder  
  75  6:16  Marine  
  78  6:18  Supply Depot  
  78  6:25  Marine  
  78  6:28  Supply Depot, Medivac  
  78  6:29  Barracks Reactor  
  81  6:34  Marauder  
  83  6:42  SCV  
  83  6:46  Marine  
  88  6:47  Siege Tank  
  88  6:50  Marine  
  88  6:51  Barracks Tech Lab  
  88  6:52  Medivac  
  88  6:53  Marine x2  
  93  6:55  Marauder, Supply Depot  
  93  7:00  Supply Depot  
  93  7:12  Combat Shields  
  93  7:14  Marine  
  93  7:15  Marauder  
  96  7:16  Marauder  
  98  7:25  Marine  
  98  7:27  Marine x2  
  100  7:36  Marauder  
  102  7:38  Marauder  
  104  7:44  Marine  
  104  7:47  Concussive Shells  
  104  7:48  Marine, Terran Infantry Armor Level 1  
  104  7:50  Supply Depot  
  106  7:52  Supply Depot  
  106  7:57  Marauder  
  106  7:59  Marauder  
  106  8:05  Marine  
  109  8:11  Marine x2  
  111  8:18  Marine  
  111  8:19  Marauder  
  111  8:21  Marauder  
  111  8:25  Marine  
  111  8:26  Medivac, Siege Tank  
  119  8:28  Marine x2  
  119  8:29  Marine x2  
  120  8:36  Marine  
  120  8:40  Marauder  
  123  8:42  Marauder  
  123  8:43  Marine  
  123  8:46  Marine  
  123  8:47  Marine x3  
  130  8:54  Marine  
  113  9:01  Marine  
  113  9:02  Marauder  
  96  9:03  Marauder  
  97  9:20  Supply Depot  
  97  9:23  Marauder  
  99  9:25  Marauder  
  101  9:39  Marine  
  101  9:44  Marauder  
  104  9:46  Marauder, SCV  
  107  9:59  Marine  
  100  10:02  Marine  
  100  10:06  Marauder  
  80  10:07  Marauder  
  55  10:27  Marauder  
  57  10:29  Marauder  
  57  10:31  Marine  
  57  10:34  Marine x3  
  57  10:35  Marine x2  
  65  10:48  Marauder  
  65  10:49  Marine  
  68  10:50  Marauder  
  68  10:51  Marine  
  68  10:52  Marine x2  
  68  10:53  Marine x2  
  74  11:01  Medivac  
  76  11:06  Marine  
  76  11:09  Marine x3  
  76  11:10  Marine  
  80  11:15  Marine, Siege Tank  
  80  11:16  Marine  
  85  11:27  Marauder  
  85  11:29  Marine, Marauder  
  85  11:30  Medivac  
  91  11:35  Marine  
  83  11:53  Marine x2  
  83  11:55  Marine x2  
Tags
 
Add a new tag
Caveats
  • Supply blocks, unpowered buildings, or Contaminate may cause inaccurate times.
  • Supply counts are checked every 10 seconds.